 Dungeon Crawl Stone Soup version 0.31.0-11-ge490571c62 (webtiles) character file.

Game seed: 9502900687357487841

16494 stipulation the Artisan of Death (level 12, -13/51 HPs)
             Began as a Vine Stalker Necromancer on Jan 29, 2024.
             Was a Priest of Kikubaaqudgha.
             Mangled by a polar bear (16 damage)
             ... on level 1 of the Lair of Beasts.
             The game lasted 00:29:17 (10780 turns).

stipulation the Artisan of Death (VSNe)            Turns: 10780, Time: 00:29:17

Health: -13/51     AC: 16    Str: 17    XL:     12   Next: 38%
Magic:  0/37       EV: 11    Int: 19    God:    Kikubaaqudgha [***...]
Gold:   558        SH:  0    Dex: 14    Spells: 5/34 levels left

rFire   + . .        t - +1 dagger (venom)
rCold   + . .        (no shield)
rNeg    + . .        u - +6 ring mail "Ciner" {+Inv Will+ MP+9 Str+4}
rPois   .            S - +0 helmet
rElec   .            D - scarf {rC+ rF+}
rCorr   .            M - +0 pair of gloves
SInv    .            L - +0 pair of boots
Will    ++...        o - amulet of magic regeneration
Stlth   +            K - ring of flight
HPRegen 1.08/turn    E - ring of positive energy
MPRegen 0.65/turn

%: guardian spirit
@: animating dead, flying
A: fangs 3, regeneration 1, magic shield, antimagic bite, no potion heal 2
a: Renounce Religion, Evoke Invisibility, Unearth Wretches


You were on level 1 of the Lair of Beasts.
You worshipped Kikubaaqudgha.
Kikubaaqudgha was most pleased with you.
You visited 3 branches of the dungeon, and saw 14 of its levels.

You collected 774 gold pieces.
You spent 216 gold pieces at shops.

Inventory:

Hand Weapons
 f - a +0 short sword
 r - a +0 dagger
 t - a +1 dagger of venom (weapon)
Missiles
 R - 2 throwing nets
Armour
 u - the +6 ring mail "Ciner" (worn) {+Inv Will+ MP+9 Str+4}
   (You found it on level 3 of the Dungeon)

   Str+4:     It affects your strength (+4).
   Will+:     It increases your willpower.
   MP+9:      It affects your magic capacity (+9).
   +Inv:      It lets you turn invisible.
 D - a scarf of resistance (worn)
 L - a +0 pair of boots (worn)
 M - a +0 pair of gloves (worn)
 S - a +0 helmet (worn)
Jewellery
 o - an amulet of magic regeneration (around neck)
 p - an amulet of reflection
 E - a ring of positive energy (right hand)
 K - a ring of flight (left hand)
 P - a ring of wizardry
 Q - a ring of magical power
Wands
 F - a wand of flame (22)
 I - a wand of charming (20)
 N - a wand of roots (2)
 O - a wand of acid (3)
 U - a wand of digging (6)
Scrolls
 a - 2 scrolls of noise {unknown}
 c - 2 scrolls of fear {unknown}
 e - 3 scrolls of poison {unknown}
 j - 4 scrolls of vulnerability
 m - 2 scrolls of immolation
 n - a scroll of acquirement {unknown}
 q - 3 scrolls of fog
 s - a scroll of torment
 v - a scroll of enchant armour {unknown}
 w - a scroll of revelation {unknown}
 y - 2 scrolls of enchant weapon
 B - a scroll of butterflies
 C - a scroll of blinking {unknown}
 J - 4 scrolls of teleportation {unknown}
 T - a scroll of amnesia {unknown}
 V - 2 scrolls of identify
 W - a scroll of silence {unknown}
Potions
 b - 2 potions of magic
 d - 6 potions of might
 g - a potion of haste {unknown}
 h - 5 potions of enlightenment
 i - 2 potions of resistance {unknown}
 k - 2 potions of degeneration {unknown}
 l - 2 potions of mutation {unknown}
 x - a potion of attraction {unknown}
 z - 2 potions of berserk rage {unknown}
 A - a potion of cancellation {unknown}
 G - a potion of invisibility {unknown}
 H - 3 potions of curing {unknown}
 X - a potion of heal wounds {unknown}


   Skills:
 + Level 4.8 Short Blades
 - Level 6.0 Armour
 - Level 1.5 Dodging
 - Level 2.4 Stealth
 + Level 11.9 Spellcasting
 + Level 12.3 Necromancy
 - Level 4.0 Translocations
 + Level 4.8 Evocations


You had 5 spell levels left.
You knew the following spells:

 Your Spells              Type           Power      Damage    Failure   Level
a - Necrotise             Necr           100%       1d9       1%          1
b - Vampiric Draining     Necr           55%        2d9       1%          3
c - Animate Dead          Necr           55%        N/A       1%          4
d - Curse of Agony        Necr           55%        N/A       1%          5
e - Dispel Undead         Necr           55%        3d20      1%          4
f - Anguish               Hex/Necr       17%        N/A       9%          4
g - Death Channel         Necr           27%        N/A       10%         6
h - Blink                 Tloc           52%        N/A       3%          2

Your spell library contained the following spells:

 Spells                   Type           Power      Damage    Failure   Level
 Kiss of Death            Conj/Necr      100%       2d13      1%          1
 Fugue of the Fallen      Necr           55%        N/A       1%          3
 Gell's Gravitas          Tloc           26%        N/A       6%          3
 Teleport Other           Tloc           26%        N/A       6%          3
 Magic Dart               Conj           44%        1d5       11%         1
 Volatile Blastmotes      Fire/Tloc      36%        2d13      14%         3
 Call Imp                 Summ           22%        N/A       16%         2
 Ensorcelled Hibernation  Hex/Ice        22%        N/A       16%         2
 Mercury Vapours          Alch/Air       22%        N/A       16%         2
 Manifold Assault         Tloc           26%        N/A       21%         4
 Borgnjor's Vile Clutch   Necr/Erth      17%        N/A       22%         5
 Ozocubu's Armour         Ice            11%        N/A       30%         3
 Passwall                 Erth           11%        N/A       30%         3
 Swiftness                Air            11%        N/A       30%         3
 Vhi's Electric Charge    Tloc/Air       36%        N/A       41%         4
 Ignite Poison            Fire/Alch      11%        N/A       71%         4
 Petrify                  Alch/Erth      11%        N/A       71%         4
 Arcjolt                  Conj/Air       5%         1d15      96%         5
 Dispersal                Tloc           13%        N/A       97%         6
 Sculpt Simulacrum        Ice/Alch       5%         N/A       100%        6
 Maxwell's Capacitive Co  Air            5%         ∞         100%        8


Dungeon Overview and Level Annotations

Branches:
Dungeon (12/15)            Temple (1/1) D:4            Lair (1/5) D:8
    Orc (0/2) D:9

Altars:
Ashenzari
Cheibriados
Dithmenos
Elyvilon
Fedhas
Gozag
Hepliaklqana
Kikubaaqudgha
Makhleb
Nemelex Xobeh
Okawaru
Qazlal
Ru
Sif Muna
Trog
Uskayaw
Vehumet
Wu Jian
Xom
Yredelemnul
Zin
The Shining One

Shops:
D:7 *

Annotations:
D:6 2 transporters, Hsik's ghost, novice GrFi
D:10 3 runed translucent doors, ojifijod's ghost, journeyman NaMo
D:11 1 exclusion


Innate Abilities, Weirdness & Mutations

You have razor-sharp teeth.
Your natural rate of healing is unusually fast.
When hurt, damage is shared between your health and your magic reserves.
Your bite disrupts and absorbs the magic of your enemies.
Potions cannot restore your health.


Message History

Kikubaaqudgha accepts your kill.
The dead are hopping!
Your blink frog zombie completely misses the komodo dragon.
The polar bear bites you!
The polar bear claws you but does no damage. x2
The komodo dragon bites you!!
* * * LOW HITPOINT WARNING * * *
The polar bear attacks as it pursues you!
The polar bear closely misses you.
The polar bear claws you but does no damage.
The polar bear barely misses you.
Your six-headed hydra zombie bites the yak! x2
Your six-headed hydra zombie bites the yak. x2
Your six-headed hydra zombie bites the yak but does no damage.
Your six-headed hydra zombie bites the yak.
Your blink frog zombie barely misses the komodo dragon.
Your death yak zombie gores the komodo dragon but does no damage.
The yak gores your six-headed hydra zombie!
Your komodo dragon zombie bites the polar bear!
Something hits your blink frog zombie!
The komodo dragon barely misses your blink frog zombie.
Casting: Vampiric Draining (safe; 1% risk of failure)
Confirm with . or Enter, or press ? or * to list all spells.
Aiming: Vampiric Draining (safe; 1% risk of failure)
Press: ? - help, Shift-Dir - straight line, f - polar bear
Aim: a polar bear (almost dead, berserk, poisoned, ally target)
You draw life force from the polar bear!
You feel life coursing into your body. The polar bear bites you!!
* * * LOW HITPOINT WARNING * * *
The polar bear claws you but does no damage. x2
Your blink frog zombie closely misses the komodo dragon.
The yak completely misses your six-headed hydra zombie.
Your six-headed hydra zombie bites the yak.
The yak dies!
Kikubaaqudgha accepts your kill.
The dead are walking!
Your death yak zombie gores the komodo dragon!!
The polar bear bites you!
You die...
Kikubaaqudgha rasps: "You have failed me!
Welcome... death!"

..!....#..## ...........##
........§...###
.......#..FZ.Z#
......h§†##ZZZ#
.......#.###Z.#
.......?..##l.#
.........###Zh# .......#.#
#Z@# .......#.P #.Z#
.......#..##..# .......
.##...# ### #
##..#######.####
#.##..............# #
#.................#####
......#...................
###...#................†..


You could see a polar bear (berserk, poisoned, ally target), a komodo dragon
(poisoned, ally target), a blink frog (very poisoned), a friendly komodo dragon
zombie, a friendly six-headed hydra zombie, 3 friendly yak zombies, a friendly
death yak zombie and 3 friendly blink frog zombies.

Vanquished Creatures
  Gastronok (D:11)
  5 two-headed ogres
  2 boulder beetles
  Erica (D:8)
  Joseph (D:7)
  2 unseen horror zombies (D:8)
  3 blink frogs (Lair:1)
  A wraith (D:10)
  2 vampires
  5 yaks
  3 wyverns
  2 water moccasins (Lair:1)
  3 orc warriors
  3 hell hounds (D:11)
  2 black bears
  2 hornet zombies (D:8)
  An ogre (D:5)
  4 centaurs
  A kobold brigand (D:11)
  3 bullfrogs
  A scorpion (D:5)
  2 gnoll sergeants
  Dowan (D:7)
  18 wights
  9 killer bees
  3 howler monkeys (D:11)
  3 jellies
  A bombardier beetle (D:5)
  2 centaur zombies (D:8)
  3 hounds
  3 orc priests
  3 sleepcaps
  A gnoll bouda (D:10)
  4 iguanas
  Natasha (twice) (D:2)
  7 orc wizards
  A killer bee zombie (D:8)
  4 howler monkey zombies (D:8)
  15 gnolls
  11 adders
  A shadow imp (D:7)
  A white imp (D:7)
  4 ufetubi
  A dart slug (D:4)
  5 ribbon worms
  23 orcs
  10 ball pythons
  5 endoplasms
  2 giant cockroaches
  7 goblins
  4 hobgoblins
  7 jackals (D:5)
  15 kobolds
  5 quokkas
  7 bats
  A frilled lizard (D:1)
  6 rats
245 creatures vanquished.

Vanquished Creatures (collateral kills)
  A two-headed ogre (D:11)
  2 cane toads (Lair:1)
  A hornet (D:9)
  3 blink frogs (Lair:1)
  8 yaks (Lair:1)
  2 wights (D:8)
  4 killer bees
  A gnoll (D:10)
  3 orcs
  A jackal (D:5)
  A quokka (D:1)
  2 kobolds (D:11)
29 creatures vanquished.

Vanquished Creatures (others)
  A hydra (Lair:1)
  A death yak (Lair:1)
  A skyshark (Lair:1)
  A komodo dragon (Lair:1)
  A slime creature (D:12)
  A yak (Lair:1)
  A wyvern (Lair:1)
  A skyshark zombie (Lair:1)
  A cane toad zombie (Lair:1)
  Duvessa (D:7)
  A bullfrog (Lair:1)
  A hell hound zombie (D:11)
  2 wyvern zombies (Lair:1)
  5 yak zombies (Lair:1)
  2 bullfrog zombies
  7 killer bee zombies
  3 howler monkey zombies (D:11)
  5 gnoll zombies (D:10)
  8 kobold zombies (D:11)
44 creatures vanquished.

Grand Total: 318 creatures vanquished

Notes
Turn   | Place    | Note
-------+----------+-------------------------------------------
     0 | D:1      | stipulation the Vine Stalker Necromancer began the quest
                  | for the Orb.
     0 | D:1      | Reached XP level 1. HP: 9/9 MP: 4/4
   197 | D:1      | Reached XP level 2. HP: 13/13 MP: 2/6
   436 | D:1      | Got the Precepts of the Heated Beaker
   848 | D:1      | Reached XP level 3. HP: 16/16 MP: 8/8
  1004 | D:2      | Noticed Natasha
  1011 | D:2      | Killed Natasha
  1174 | D:2      | Learned a level 3 spell: Vampiric Draining
  1351 | D:2      | Reached XP level 4. HP: 7/21 MP: 0/10
  1541 | D:2      | Reached skill level 5 in Necromancy
  1686 | D:2      | Identified the +2 ring mail of Gehenna {Harm SInv}
  1733 | D:2      | Noticed Natasha
  1744 | D:2      | Killed Natasha
  1745 | D:2      | Reached XP level 5. HP: 22/24 MP: 7/11
  2180 | D:3      | Found a shimmering blue altar of Sif Muna.
  2184 | D:3      | Identified the +6 ring mail "Ciner" {+Inv Will+ MP+9 Str+4}
  2327 | D:3      | Found a snail-covered altar of Cheibriados.
  2953 | D:4      | Reached skill level 1 in Short Blades
  2953 | D:4      | Reached XP level 6. HP: 28/28 MP: 13/13
  3064 | D:4      | Found a staircase to the Ecumenical Temple.
  3080 | D:4      | Reached skill level 1 in Armour
  3081 | Temple   | Entered the Ecumenical Temple
  3092 | Temple   | Became a worshipper of Kikubaaqudgha
  3365 | D:4      | Learned a level 4 spell: Animate Dead
  3371 | D:4      | Learned a level 5 spell: Curse of Agony
  3449 | D:5      | Entered Level 5 of the Dungeon
  3522 | D:5      | Noticed a black bear
  3531 | D:5      | Killed a black bear
  3616 | D:5      | Found a stormy altar of Qazlal.
  3631 | D:5      | Reached XP level 7. HP: 25/32 MP: 15/15
  3840 | D:5      | Reached skill level 6 in Necromancy
  4005 | D:5      | Reached * piety under Kikubaaqudgha
  4005 | D:5      | Received a gift from Kikubaaqudgha
  4006 | D:5      | Reached skill level 5 in Spellcasting
  4359 | D:5      | Found a hide-covered altar of Uskayaw.
  4522 | D:6      | Gained mutation: You have razor-sharp teeth. [Vine Stalker
                  | growth]
  4522 | D:6      | Reached XP level 8. HP: 36/36 MP: 16/16
  4550 | D:6      | Noticed Hsik's ghost (novice GrFi)
  4551 | D:6      | Found a transporter.
  4686 | D:6      | Found a burning altar of Makhleb.
  4739 | D:6      | Found a transporter.
  4794 | D:6      | Found a bloodstained altar of Trog.
  4895 | D:6      | Found an ornate altar of the Wu Jian Council.
  5130 | D:7      | Reached ** piety under Kikubaaqudgha
  5217 | D:7      | Reached skill level 5 in Armour
  5292 | D:7      | Found Kauh's Assorted Antiques.
  5299 | D:7      | Noticed Joseph
  5320 | D:7      | Killed Joseph
  5321 | D:7      | Reached XP level 9. HP: 31/39 MP: 18/18
  5332 | D:7      | Bought a pair of boots for 108 gold pieces
  5332 | D:7      | Bought a pair of gloves for 108 gold pieces
  5355 | D:7      | Found a glowing golden altar of the Shining One.
  5445 | D:7      | Noticed Dowan
  5446 | D:7      | Noticed Duvessa
  5463 | D:7      | Killed Duvessa
  5464 | D:7      | Killed Dowan
  5465 | D:7      | Reached skill level 7 in Necromancy
  6169 | D:8      | Reached skill level 8 in Necromancy
  6300 | D:8      | Found a staircase to the Lair.
  6454 | D:8      | Reached XP level 10. HP: 34/38 MP: 22/22
  6666 | D:8      | Reached skill level 9 in Necromancy
  6838 | D:8      | Noticed Erica
  6850 | D:8      | Killed Erica
  6945 | D:8      | Reached *** piety under Kikubaaqudgha
  6945 | D:8      | Received a gift from Kikubaaqudgha
  6976 | D:8      | Noticed a two-headed ogre
  6985 | D:8      | Killed a two-headed ogre
  6986 | D:8      | Reached skill level 10 in Necromancy
  7124 | D:8      | Learned a level 4 spell: Dispel Undead
  7129 | D:8      | Learned a level 4 spell: Anguish
  7347 | D:8      | Found a staircase to the Lair.
  7551 | D:9      | Found a shimmering altar of Xom.
  7595 | D:9      | Reached skill level 1 in Evocations
  7785 | D:9      | Found a staircase to the Orcish Mines.
  7922 | D:9      | Found an iron altar of Okawaru.
  8026 | D:9      | Noticed a two-headed ogre
  8036 | D:9      | Killed a two-headed ogre
  8037 | D:9      | Reached skill level 10 in Spellcasting
  8037 | D:9      | Reached XP level 11. HP: 34/47 MP: 9/26
  8149 | D:9      | Found an opulent altar of Gozag.
  8511 | D:10     | Entered Level 10 of the Dungeon
  8679 | D:10     | Found a blossoming altar of Fedhas.
  8837 | D:10     | Found a runed translucent gate.
  8837 | D:10     | Found a runed translucent gate.
  8837 | D:10     | Found a runed translucent gate.
  8838 | D:10     | Noticed ojifijod's ghost (journeyman NaMo)
  8844 | D:10     | Noticed a two-headed ogre
  8859 | D:10     | Killed a two-headed ogre
  8890 | D:10     | Reached skill level 11 in Necromancy
  8947 | D:10     | Found a radiant altar of Vehumet.
  9023 | D:10     | Noticed a boulder beetle
  9045 | D:10     | Killed a boulder beetle
  9080 | D:10     | Reached **** piety under Kikubaaqudgha
  9671 | D:11     | Learned a level 6 spell: Death Channel
  9674 | D:11     | Learned a level 2 spell: Blink
  9703 | D:11     | Noticed a two-headed ogre
  9716 | D:11     | Killed a two-headed ogre
  9717 | D:11     | Reached skill level 1 in Translocations
  9812 | D:11     | Noticed a two-headed ogre
  9840 | D:11     | Killed a two-headed ogre
  9906 | D:11     | Noticed Gastronok
  9921 | D:11     | Killed Gastronok
 10036 | D:11     | Noticed a hell knight
 10094 | D:11     | Noticed a two-headed ogre
 10106 | D:11     | Killed a two-headed ogre
 10107 | D:11     | Reached XP level 12. HP: 51/51 MP: 18/28
 10421 | D:12     | Noticed a seven-headed hydra
 10544 | Lair:1   | Entered Level 1 of the Lair of Beasts
 10567 | Lair:1   | Reached skill level 12 in Necromancy
 10643 | Lair:1   | Noticed a boulder beetle
 10674 | Lair:1   | Killed a boulder beetle
 10780 | Lair:1   | Mangled by a polar bear

Illustrated notes

Levels and vault maps discovered:
D:1:      dpeg_arrival_arbitrary_b, layout_basic, moated_statue
D:2:      minmay_inner_zag, layout_basic, uniq_natasha
D:3:      layout_basic, mainiacjoe_overflow_six_doors_small,
          mainiacjoe_overflow_alcove_1
D:4:      layout_rooms, minmay_temple_entry_junction_2, nrook_mini_backslash
D:5:      minmay_general_purpose_star, layout_basic,
          mainiacjoe_overflow_tiny_flanked, mainiacjoe_overflow_brackets,
          chequers_serial_rivers_micro_e, minmay_misc_feat_four_crosses
D:6:      layout_rooms, nicolae_overflow_crystal_walls,
          mainiacjoe_overflow_alcove_4, kennysheep_mini, gammafunk_ghost_arena
D:7:      layout_basic, mainiacjoe_overflow_boulevard, serial_shops, shop,
          kennysheep_generic_room_13, uniq_joseph, uniq_duvessa
D:8:      layout_basic, serial_undead, serial_undead_f, serial_undead_d,
          serial_undead_a, serial_undead_d, serial_undead_c, serial_undead_c,
          serial_undead_f, serial_undead_a, serial_undead_b, serial_undead_b,
          uniq_erica
D:9:      layout_irregular_city, hellmonk_okawaru_the_only_friend_you_need,
          lemuel_doored_altar, kennysheep_little_box, orc_0_dummy
D:10:     layout_roguey, fedhas_altar_fruit_tree,
          mainiacjoe_overflow_small_starburst, gammafunk_ghost_necromancy
D:11:     layout_roguey, minmay_rotating_lava, uniq_gastronok
D:12:     layout_basic, enter_trove_3, uniq_azrael, uniq_erolcha
Temple:   nicolae_temple_figure_zero
Lair:1:   layout_gridlike, serial_bayou_pond_e

Skill      XL: |  1  2  3  4  5  6  7  8  9 10 11 12 |
---------------+-------------------------------------+-----
Spellcasting   | 3 4 5 7 10 11 | 11.9
Necromancy     | 5 6 8 10 11 12 | 12.3
Short Blades   | 1 2 3 4 |  4.8
Armour         | 1 2 6 |  6.0
Evocations     | 2 4 |  4.8
Translocations | 3 4 |  4.0
Dodging        | |  1.5
Stealth        | |  2.4

Action                     |  1- 3 |  4- 6 |  7- 9 | 10-12 || total
---------------------------+-------+-------+-------+-------++-------
  Melee: Unarmed           |     5 |       |       |       ||     5
         Short sword       |    39 |    17 |       |       ||    56
         Bite              |     8 |    25 |   146 |   156 ||   335
         Dagger            |       |    69 |   423 |   419 ||   911
         Punch             |       |     1 |     9 |     2 ||    12
   Cast: Necrotise         |    42 |    89 |    62 |    39 ||   232
         Vampiric Draining |       |       |     5 |    46 ||    51
         Animate Dead      |       |       |       |     7 ||     7
         Dispel Undead     |       |       |       |     9 ||     9
         Curse of Agony    |       |       |       |     2 ||     2
 Invoke: Unearth Wretches  |       |       |       |     3 ||     3
    Use: Scroll            |       |     3 |       |     5 ||     8
   Stab: Sleeping          |     1 |       |     1 |       ||     2
         Distracted        |       |       |     1 |     1 ||     2
         Paralysed         |       |       |       |     2 ||     2
 Armour: Robe              |    29 |    23 |       |       ||    52
         Ring mail         |       |    47 |   363 |   385 ||   795
  Dodge: Dodged            |    59 |    51 |   248 |   293 ||   651
